 Dungeon Crawl Stone Soup version 0.29-a0-284-gf9362112df (webtiles) character file.

Game seed: 6376869033403245852

26 spaghetti the Skirmisher (level 2, -4/20 HPs)
             Began as a Demonspawn Chaos Knight on Mar 20, 2022.
             Was a Plaything of Xom.
             Slain by Sigmund the gnoll
             ... wielding a +0 scythe
              (7 damage)
             ... on level 2 of the Dungeon.
             The game lasted 00:02:25 (1348 turns).

spaghetti the Skirmisher (Demonspawn Chaos Knight)  Turns: 1348, Time: 00:02:26

Health: -4/20      AC:  6    Str: 12    XL:     2   Next: 89%
Magic:  0/2        EV: 11    Int: 13    God:    Xom [....*.]
Gold:   76         SH:  0    Dex: 12    Spells: 1/1 levels left

rFire   . . .      SeeInvis .   c - +1 dagger (venom) {short}
rCold   . . .      Faith    .   (no shield)
rNeg    . . .      Spirit   +   a - +2 leather armour
rPois   .          Reflect  .   (no helmet)
rElec   .          Harm     .   (no cloak)
rCorr   .          Rampage  .   (no gloves)
Will    +....                   g - +0 pair of boots
Stlth   +.........              i - amulet of guardian spirit
HPRegen 0.06/turn               (no ring)
MPRegen 0.08/turn               (no ring)

@: no status effects
A: powered by death 1, frail 2, strong-willed 1
a: Renounce Religion


You were on level 2 of the Dungeon.
You worshipped Xom.
You were a beloved toy of Xom.
You visited 1 branch of the dungeon, and saw 2 of its levels.

You collected 76 gold pieces.


Innate Abilities, Weirdness & Mutations

You regenerate a little health from kills.
You are very frail. (-20% HP)
You are strong-willed. (Will+)


   Skills:
 + Level 3.9 Fighting
 - Level 1.7 Armour
 + Level 1.5 Dodging
 - Level 2.6 Unarmed Combat


You had one spell level left.
You didn't know any spells.
Your spell library was empty.

Inventory:

Hand Weapons
 c - a +1 dagger of venom (weapon) {short}
   (You found it on level 1 of the Dungeon)
 f - a +0 club {mace}
   (You took it off a goblin on level 1 of the Dungeon)
 h - a +1 vorpal battleaxe {axe}
   (You found it on level 2 of the Dungeon)
Missiles
 d - 23 stones {throwing}
Armour
 a - a +2 leather armour (worn)
 g - a +0 pair of boots (worn)
   (You found it on level 1 of the Dungeon)
Jewellery
 i - an amulet of guardian spirit (around neck)
   (You found it on level 2 of the Dungeon)
Scrolls
 e - a scroll of identify {@r1}
 j - a scroll of teleportation {@r4}
Potions
 k - a potion of heal wounds {@q2}
 l - 2 potions of curing {@q1}
 m - a potion of attraction {!q}
Miscellaneous
 b - a piece from Xom's chessboard (10/15) (quivered)

Dungeon Overview and Level Annotations

Branches:
Dungeon (2/15)

Altars:

Annotations:
D:2 Sigmund

# #. #.### ...###
## #######.... ..
........#####.# #
##............#
##..#...##..##.####
#....g@.....##.#
#...#...##.###.# #
#. #. ##.###.# #.#
#. #.# #.###.# #.#
.##.# #.....# #.#
.#.# #..######.#.#
#..# #...........#
#..#
##..####.#..###..#
# #..# #.#.#......


You could see Sigmund the gnoll (extremely poisoned).


Message History

😨 HP[-11] MP[-1]
You take 11 damage, and now have 9/20 hp.
MASSIVE DAMAGE!! (PAUSE)
You lost 1 mp, and now have 1/2 mp.
You hit the endoplasm.
The endoplasm closely misses you. 😨 HP[+1]
The endoplasm attacks as you move away! The endoplasm hits you.
* * * LOW HITPOINT WARNING * * *
😨 HP[-2]
You take 2 damage, and now have 8/20 hp.
The endoplasm attacks as you move away!
The endoplasm hits you but does no damage.
The endoplasm hits you but does no damage.
There is a stone staircase leading up here.
The endoplasm freezes you.
You are frozen.
* * * LOW HITPOINT WARNING * * *
You climb upwards.
There is a stone staircase leading down here. 😨 HP[-2]
You take 2 damage, and now have 6/20 hp.
Unknown command.
Unknown command.
You hit the endoplasm. The endoplasm freezes you.
You are frozen.
* * * LOW HITPOINT WARNING * * *
😱 HP[-2] MP[-1]
You take 2 damage, and now have 4/20 hp.
You lost 1 mp, and now have 0/2 mp.
You hit the endoplasm. The endoplasm freezes you.
You are frozen.
* * * LOW HITPOINT WARNING * * *
😱 HP[-3]
You take 3 damage, and now have 1/20 hp.
You hit the endoplasm.
The endoplasm hits you but does no damage. 😱 MP[+1]
You hit the endoplasm.
You kill the endoplasm! 😱 HP[+1]
You start resting. 😱 HP[+2] MP[+1]
You regained 2 hp, and now have 4/20 hp.
Your mp is fully restored (2).
You start resting. 😎 HP[+16]
Your hp is fully restored (20).
You climb downwards.
There is a stone staircase leading up here.
You make a move on Xom's chessboard...
The worm falls asleep!
You make a move on Xom's chessboard...
The worm twists and deforms.
You make a move on Xom's chessboard...
The worm falls asleep!
You make a move on Xom's chessboard...
The worm twists and deforms.
You hit the worm.
The worm is poisoned.
You hit the worm. The worm closely misses you.
You barely miss the worm. You hit the worm.
The worm looks as sick as possible!
The worm barely misses you.
You hit the worm. The worm bites you but does no damage.
You hit the worm. You hit the worm.
The worm looks as sick as possible!
You kill the worm!
Your piece from Xom's chessboard (10/15) has regained one charge.
You see here a +0 whip {mace}.
n - a scroll labelled ITECENIUJA
e - 2 scrolls labelled ERGHIS YLOISM (gained 1)
d - 23 stones {throwing} (gained 21) Sigmund the Dreaded comes into view.
He is wielding a +0 scythe.
As you read the scroll labelled ITECENIUJA, it crumbles to dust.
The creatures around you are filled with an inner flame!
It was a scroll of immolation.
Xom is highly amused! "This might be better!"
Sigmund evaporates and reforms as a gnoll!
As you read the scroll labelled ERGHIS YLOISM, it crumbles to dust.
It is a scroll of identify.
m - a potion of attraction Sigmund picks up a +0 scythe.
Sigmund wields a +0 scythe.
Sigmund picks up a +0 robe.
Sigmund wears a +0 robe.
Sigmund misses you. Sigmund hits you with a +0 scythe!
Ouch! That really hurt!
* * * LOW HITPOINT WARNING * * *
😨 HP[-10] MP[-1]
You take 10 damage, and now have 10/20 hp.
MASSIVE DAMAGE!! (PAUSE)
You lost 1 mp, and now have 1/2 mp.
Unknown command.
You hit Sigmund but do no damage. Sigmund hits you with a +0 scythe!
* * * LOW HITPOINT WARNING * * *
😱 HP[-7]
You take 7 damage, and now have 3/20 hp.
MASSIVE DAMAGE!! (PAUSE)
You hit Sigmund but do no damage.
Sigmund is poisoned.
Sigmund closely misses you.
You hit Sigmund.
Sigmund looks as sick as possible!
Sigmund hits you with a +0 scythe!
You die...

Skill      XL: |  1  2 |
---------------+-------+-----
Dodging        | 1 |  1.5
Fighting       | |  3.9
Armour         | |  1.7
Unarmed Combat | |  2.6

Action                   || total
-------------------------++-------
Melee: Unarmed           ||    31
       Dagger            ||    45
       Punch             ||     1
Evoke: Piece from Xom's  ||     6
  Use: Potion            ||     3
       Scroll            ||     5
 Stab: Sleeping          ||     1
Armor: Leather armour    ||    26
Dodge: Dodged            ||    29

Levels and vault maps discovered:
D:1:      dpeg_arrival_windows_large_door, layout_loops_ring,
          hellmonk_ecumenical_altar_leap_of_faith, chequers_hall_statues_wall_a
D:2:      layout_loops_ring, minmay_heptomino_h4, uniq_sigmund

Notes
Turn   | Place    | Note
-------+----------+-------------------------------------------
     0 | D:1      | spaghetti the Demonspawn Chaos Knight began the quest for
                  | the Orb.
     0 | D:1      | Reached XP level 1. HP: 18/18 MP: 1/1
     0 | D:1      | magus.rc [v1.9.6]
   235 | D:1      | XOM: silly message
   261 | D:1      | Found a faded altar of an unknown god.
   542 | D:1      | Gained mutation: You regenerate a little health from kills.
                  | [demonic ancestry]
   542 | D:1      | Reached XP level 2. HP: 24/24 MP: 2/2
   608 | D:1      | XOM: silly message
   612 | D:1      | XOM: give mutations
   612 | D:1      | Gained mutation: You are frail. (-10% HP) [Xom's mischief]
   612 | D:1      | Gained mutation: You are very frail. (-20% HP) [Xom's
                  | mischief]
   612 | D:1      | Gained mutation: You are strong-willed. (Will+) [Xom's
                  | mischief]
   658 | D:2      | Reached skill level 1 in Dodging
   672 | D:2      | XOM: cloud trail
  1017 | D:1      | HP: 4/20 [frozen (2)]
  1018 | D:1      | HP: 1/20 [frozen (3)]
  1339 | D:2      | Noticed Sigmund
  1340 | D:2      | Noticed Sigmund
  1340 | D:2      | Sigmund changed into Sigmund the gnoll
  1340 | D:2      | XOM: polymorph Sigmund -> Sigmund the gnoll
  1346 | D:2      | HP: 3/20 [Sigmund the gnoll/+0 scythe (7)]
  1348 | D:2      | Slain by Sigmund the gnoll

Vanquished Creatures
  A worm (D:2)
  A bat (D:2)
  4 endoplasms
  A giant cockroach (D:1)
  2 hobgoblins
  3 ball pythons (D:1)
  3 frilled lizards
  2 goblins
  2 kobolds
  4 rats (D:2)
23 creatures vanquished.

Table legend:
 A = Non-vault XP
 B = Vault XP
 C = Vault XP percentage of total XP
 D = Non-vault monster count
 E = Vault monster count
 F = Vault count percentage of total count
                 A         B        C        D         E       F
            +---------+---------+-------+---------+---------+-------
      Total |      33 |       5 |  13.2 |      20 |       3 |  13.0
            +---------+---------+-------+---------+---------+-------
        D:1 |      14 |       0 |   0.0 |      10 |       0 |   0.0
        D:2 |      19 |       5 |  20.8 |      10 |       3 |  23.1
            +---------+---------+-------+---------+---------+-------

Illustrated notes

Table legend:
 A = Kills in this place as a percentage of kills in entire the game.
 B = Kills by you in this place as a percentage of kills by you in the entire game.
 C = Kills by friends in this place as a percentage of kills by friends in the entire game.
 D = Other kills in this place as a percentage of other kills in the entire game.
 E = Experience gained in this place as a percentage of experience gained in the entire game.
 F = Experience gained in this place divided by the number of levels of this place that you have seen.
                   A       B       C       D       E      F
               +-------+-------+-------+-------+-------+----------------------
         Total | 100.0 | 100.0 |   N/A |   N/A | 100.0 |  19.0
       Dungeon | 100.0 | 100.0 |   N/A |   N/A | 100.0 |  19.0
               +-------+-------+-------+-------+-------+----------------------

Table legend: (Time is in decaauts)
 A = Elapsed time spent in this place.
 B = Non-inter-level travel time spent in this place.
 C = Inter-level travel time spent in this place.
 D = Time resting spent in this place.
 E = Time spent auto-exploring this place.
 F = Levels seen in this place.
 G = Mean time per level.
                   A        B        C        D        E       F      G
               +--------+--------+--------+--------+--------+-----+--------+
         Total |   1346 |   1320 |     26 |    449 |    611 |   2 |  673.0 |
       Dungeon |   1346 |   1320 |     26 |    449 |    611 |   2 |  673.0 |
               +--------+--------+--------+--------+--------+-----+--------+

Top non-repeatable levels by time:
     D:1: 917 daAuts
     D:2: 429 daAuts
